Map: Winter Madness LE

Players

sasdd - Winner!

  • Race: Protoss Protoss
  • League: Platinum
  • Spawn Location: 5:00

HoldTheDoor

  • Race: Protoss Protoss
  • League: Diamond
  • Spawn Location: 11:00

VOD

Have the link to the VOD?

Description

Time

  • Played on: May 2, 2026, 11:18 a.m.
  • Length: 11:26
Show
View Real Time Build Order
Export as new Build Order

sasdd Protoss - Winner!

Build Orders:  

Get SALT Encoding   

  1  0:00  Probe  
  12  0:04  Probe  
  14  0:17  Pylon  
  14  0:21  Probe  
  15  0:35  Probe  
  16  0:38  Gateway  
  16  0:47  Probe  
  17  0:55  Assimilator  
  17  0:59  Probe  
  17  1:01  Assimilator  
  18  1:06  Assimilator  
  18  1:10  Assimilator  
  18  1:12  Probe  
  19  1:24  Pylon  
  19  1:27  Probe  
  20  1:36  Cybernetics Core  
  20  1:42  Probe  
  20  1:46  Pylon  
  20  1:54  Probe  
  21  2:01  Stalker  
  21  2:06  Probe  
  24  2:16  Pylon  
  24  2:26  Stargate  
  24  2:30  Stalker  
  26  2:45  Shield Battery  
  26  3:02  Shield Battery  
  26  3:12  Void Ray  
  30  3:21  Shield Battery  
  28  3:50  Nexus  
  28  4:07  Shield Battery  
  28  4:09  Void Ray, Shield Battery  
  32  4:25  Forge  
  32  4:46  Pylon  
  32  5:15  Photon Cannon  
  32  5:18  Photon Cannon  
  32  5:46  Void Ray  
  32  5:47  Probe  
  32  5:48  Probe  
  38  5:57  Pylon  
  38  5:59  Probe  
  38  6:00  Probe  
  40  6:06  Photon Cannon  
  40  6:11  Probe  
  41  6:12  Probe  
  41  6:14  Assimilator  
  41  6:18  Void Ray  
  42  6:23  Probe  
  42  6:24  Probe  
  48  6:35  Probe  
  48  6:36  Probe  
  48  6:37  Gateway  
  50  6:47  Probe  
  50  6:48  Probe  
  50  6:51  Assimilator  
  52  6:59  Probe  
  52  7:00  Probe  
  50  7:03  Void Ray  
  50  7:11  Probe  
  50  7:12  Probe  
  52  7:23  Probe  
  52  7:24  Probe  
  52  7:29  Cybernetics Core  
  54  7:35  Photon Cannon  
  54  7:36  Probe  
  54  7:37  Probe, Pylon  
  56  7:39  Void Ray  
  56  7:43  Pylon  
  60  7:48  Probe  
  60  7:49  Probe  
  62  8:03  Gateway x2  
  62  8:06  Photon Cannon  
  62  8:08  Photon Cannon  
  62  8:14  Photon Cannon  
  62  8:20  Stargate  
  62  8:25  Void Ray  
  65  8:35  Protoss Air Weapons Level 1  
  65  8:37  Probe x2  
  65  8:49  Probe x2  
  65  9:06  Void Ray  
  65  9:08  Void Ray  
  73  9:15  Probe  
  74  9:34  Probe x2  
  76  9:42  Pylon  
  76  9:44  Shield Battery  
  76  9:47  Photon Cannon  
  76  9:49  Photon Cannon  
  76  9:52  Pylon  
  76  9:54  Photon Cannon  
  76  10:06  Void Ray  
  80  10:27  Probe  
  80  10:28  Probe  
  82  10:40  Probe  
  83  10:52  Stargate  
  83  10:54  Fleet Beacon  
  83  10:56  Pylon x2  
  83  10:58  Pylon  
  83  11:02  Pylon  
Show
View Real Time Build Order
Export as new Build Order

HoldTheDoor Protoss 

Build Orders:  

Get SALT Encoding   

  12  0:00  Probe  
  13  0:12  Probe  
  14  0:20  Pylon  
  14  0:24  Probe  
  15  0:34  Probe  
  15  0:40  Gateway  
  16  0:43  Probe  
  17  0:57  Forge  
  17  1:01  Probe  
  18  1:13  Probe  
  18  1:17  Pylon  
  19  1:25  Probe  
  20  1:28  Zealot  
  22  1:38  Photon Cannon  
  22  1:41  Gateway  
  22  1:54  Cybernetics Core  
  22  2:04  Photon Cannon  
  22  2:06  Pylon  
  22  2:09  Probe  
  23  2:18  Pylon  
  23  2:24  Zealot  
  23  2:25  Photon Cannon  
  25  2:30  Probe  
  26  2:47  Photon Cannon  
  26  3:03  Pylon  
  26  3:04  Photon Cannon  
  26  3:15  Photon Cannon  
  26  3:17  Probe  
  25  3:41  Photon Cannon  
  25  3:49  Probe, Assimilator  
  26  3:59  Shield Battery  
  26  4:01  Probe  
  26  4:02  Shield Battery  
  27  4:12  Photon Cannon  
  27  4:15  Probe  
  28  4:21  Pylon  
  28  4:36  Stalker  
  28  4:39  Assimilator, Probe  
  29  4:52  Shield Battery  
  31  4:57  Pylon  
  31  5:03  Stalker  
  33  5:08  Probe  
  34  5:28  Stalker  
  36  5:47  Stalker  
  36  5:48  Warp Gate  
  37  5:57  Stalker  
  40  6:08  Shield Battery  
  40  6:14  Shield Battery  
  40  6:17  Stalker  
  42  6:37  Stalker  
  42  6:44  Stalker  
  44  7:12  Photon Cannon  
  44  7:14  Photon Cannon  
  46  7:21  Photon Cannon  
  46  7:24  Gateway  
  46  7:25  Pylon  
  44  7:40  Nexus  
  44  7:43  Pylon  
  44  7:44  Pylon  
  44  7:48  Adept x2  
  48  7:58  Gateway  
  48  8:07  Probe  
  48  8:11  Photon Cannon  
  49  8:16  Adept x2  
  49  8:19  Adept  
  51  8:42  Stalker  
  51  8:44  Stalker x2  
  47  9:01  Probe  
  48  9:04  Stargate  
  48  9:07  Probe  
  49  9:13  Probe  
  50  9:37  Stalker x3  
  56  9:40  Photon Cannon  
  56  9:41  Photon Cannon  
  56  9:44  Stalker  
  54  10:10  Stalker x3  
  52  10:34  Gateway  
  36  10:36  Probe  
  36  10:37  Probe  
  36  10:38  Gateway  
  36  10:40  Assimilator  
  34  10:42  Assimilator  
  34  10:47  Phoenix  
  36  10:50  Probe x2  
  38  11:02  Probe  
  39  11:11  Pylon  
  39  11:18  Pylon  
  39  11:21  Pylon  
Tags
 
Matchup
PvP
Replay Pack
SC2Mai2026
Spawn Locations
Cross Positions
Add a new tag
Caveats
  • Supply blocks, unpowered buildings, or Contaminate may cause inaccurate times.
  • Supply counts are checked every 10 seconds.